 Dungeon Crawl Stone Soup version 0.21.1-1-g345015f (webtiles) character file.

97 KillYourself the Skirmisher (level 4, 0/41 HPs)
             Began as a Minotaur Abyssal Knight on June 15, 2018.
             Was a Believer of Lugonu.
             Slain by a gnoll
             ... wielding a +1 halberd of protection
              (8 damage)
             ... on level 2 of the Dungeon.
             The game lasted 00:05:56 (1494 turns).

KillYourself the Skirmisher (MiAK)                  Turns: 1494, Time: 00:05:57

Health: 0/41       AC:  5    Str: 18    XL:     4   Next: 42%
Magic:  4/4        EV: 11    Int:  9    God:    Lugonu [**....]
Gold:   65         SH:  0    Dex:  9    Spells: 3/3 levels left

rFire    . . .     SeeInvis .   a - +1 hand axe
rCold    . . .     Gourm    .   (no shield)
rNeg     . . .     Faith    .   i - +0 ring mail
rPois    .         Spirit   .   (helmet restricted)
rElec    .         Reflect  .   (no cloak)
rCorr    .         Harm     .   (no gloves)
MR       .....                  (no boots)
Stlth    ..........             (no amulet)
HPRegen  0.13/turn              (no ring)
MPRegen  0.09/turn              (no ring)

@: no status effects
A: retaliatory headbutt, horns 2
a: Depart the Abyss, Bend Space, Renounce Religion


You were on level 2 of the Dungeon.
You worshipped Lugonu.
Lugonu was pleased with you.
You were not hungry.

You visited 1 branch of the dungeon, and saw 2 of its levels.
You visited the Abyss 1 time.

You collected 65 gold pieces.

Inventory:

Hand Weapons
 a - a +1 hand axe (weapon)
Armour
 b - a +0 leather armour
 i - a +0 ring mail (worn)
Scrolls
 e - a scroll of magic mapping {unknown}
 f - a scroll of fog {unknown}
Potions
 d - 2 potions of lignification {unknown}
 g - a potion of berserk rage {unknown}
 h - a potion of curing {unknown}
Comestibles
 c - 2 rations
 j - a chunk of flesh


   Skills:
 + Level 4.9 Fighting
 + Level 3.7 Axes
 + Level 3.2 Armour
 + Level 1.2 Dodging
 + Level 2.1 Invocations


You had 3 spell levels left.
You didn't know any spells.

Dungeon Overview and Level Annotations

Branches:
Dungeon (2/15)

Altars:


Innate Abilities, Weirdness & Mutations

You reflexively headbutt those who attack you in melee.
You have a pair of horns on your head.


Message History

Things that are here:
an uncursed dagger; an uncursed hunting sling; 12 stones
Found a scroll labeled CEBODWI DEPH.
Found a ring mail.
The gnoll barely misses you.
You see here a ring mail.
You see here a ring mail.
The gnoll hits you from afar with a halberd of protection.
The gnoll barely misses you.
You closely miss the gnoll.
The gnoll hits you with a halberd of protection!
* * * LOW HITPOINT WARNING * * *
You hit the gnoll but do no damage. Your headbutt misses the gnoll.
You hit the gnoll.
The gnoll is lightly wounded.
The gnoll closely misses you.
You closely miss the gnoll. Your headbutt misses the gnoll.
The gnoll is lightly wounded.
The gnoll hits you with a halberd of protection!
You die...

#...#..####.#
..?.........##########
..........g...>......#
..#.....###.##.######
........#.#.##.###
........#.#......####
.......[#...........#
.......g#...........#
.......@#...........#
........#...........#
...............######
..............)###
##..#..#.........#
.......#......(..# ..
.......#.........#
#...
#######.#.....(...#
.#.#
##...........(.....#


You could see a gnoll.

Vanquished Creatures
  3 adders (D:2)
  2 gnolls (D:2)
  An ooze (D:1)
  A worm (D:2)
  A dart slug (D:1)
  A leopard gecko (D:1)
  2 ball pythons (D:1)
  6 bats
  5 giant cockroaches (D:1)
  3 goblins
  4 hobgoblins
  2 jackals (D:1)
  3 kobolds
  A frilled lizard (D:1)
  4 rats (D:1)
39 creatures vanquished.

Notes
Turn   | Place    | Note
-------+----------+-------------------------------------------
     0 | Abyss:1  | KillYourself the Minotaur Abyssal Knight began the quest for the Orb.
     0 | Abyss:1  | Reached XP level 1. HP: 19/19 MP: 1/1
    30 | D:1      | Escaped the Abyss
    76 | D:1      | Reached skill level 4 in Fighting
   137 | D:1      | Reached XP level 2. HP: 27/28 MP: 2/2
   254 | D:1      | Reached ** piety under Lugonu
   454 | D:1      | Reached XP level 3. HP: 31/34 MP: 3/3
  1236 | D:2      | Reached XP level 4. HP: 20/41 MP: 4/4
  1494 | D:2      | Slain by a gnoll

Skill      XL: |  1  2  3  4 |
---------------+-------------+-----
Fighting       | 4 |  4.9
Invocations    | 2 |  2.1
Axes           | 3 |  3.7
Armour         | 3 |  3.2
Dodging        | |  1.2

Action                   |  1- 3 |  4- 6 || total
-------------------------+-------+-------++-------
Melee: Hand axe          |    70 |    12 ||    82
       Headbutt          |     9 |     2 ||    11
  Eat: Chunk             |     1 |     1 ||     2
Armor: Leather armour    |    12 |       ||    12
       Ring mail         |    12 |     1 ||    13
Dodge: Dodged            |    46 |    13 ||    59
